 Dungeon Crawl Stone Soup version 0.19.0-23-gf02e663 (webtiles) character file.

93 RKaid the Chopper (level 4, -4/39 HPs)
             Began as a Minotaur Berserker on Nov 19, 2016.
             Was a Believer of Trog.
             Slain by a gnoll (5 damage)
             ... on level 3 of the Dungeon.
             The game lasted 00:01:31 (1745 turns).

RKaid the Chopper (Minotaur Berserker)              Turns: 1745, Time: 00:01:32

Health: -4/39      AC:  2    Str: 23    XL:     4   Next: 36%
Magic:  3/3        EV: 12    Int:  4    God:    Trog [**....]
Gold:   70         SH:  0    Dex:  9    Spells: 0 memorised, 3 levels left

rFire  . . .     SeeInvis .     a - +0 hand axe
rCold  . . .     Gourm    .     b - +0 animal skin
rNeg   . . .     Faith    .     (no shield)
rPois  .         Spirit   .     (helmet restricted)
rElec  .         Reflect  .     (no cloak)
rCorr  .         Harm     .     (no gloves)
MR     .....                    (no boots)
Stlth  +.........               (no amulet)
                                (no ring)
                                (no ring)

@: no status effects
A: retaliatory headbutt, horns 2
a: Berserk, Trog's Hand, Burn Spellbooks, Renounce Religion


You were on level 3 of the Dungeon.
You worshipped Trog.
Trog was pleased with you.
You were hungry.

You visited 1 branch of the dungeon, and saw 3 of its levels.

You collected 70 gold pieces.

Inventory:

Hand Weapons
 a - a +0 hand axe (weapon)
Armour
 b - a +0 animal skin (worn)
 h - a +0 pair of boots
   (You found it on level 1 of the Dungeon)
Scrolls
 d - a scroll of fear {unknown}
 e - 3 scrolls of remove curse {unknown}
 f - a scroll of teleportation {unknown}
 i - 2 scrolls of identify {unknown}
 k - a scroll of noise {unknown}
Potions
 l - a potion of resistance {unknown}
Comestibles
 c - a bread ration
 g - 6 fruits
 j - a slice of pizza


   Skills:
 - Level 3.6 Fighting
 + Level 6.3 Axes
 - Level 2.4 Armour
 - Level 2.1 Dodging


You had 3 spell levels left.
You didn't know any spells.

Dungeon Overview and Level Annotations

Branches:
Dungeon (3/15)

Altars:
Sif Muna


Innate Abilities, Weirdness & Mutations

You reflexively headbutt those who attack you in melee.
You have a pair of horns on your head.


Message History

You hit the plant but do no damage. You slash the quokka!
You kill the quokka!
Trog accepts your kill.
You completely miss the plant.
No target in view!
No target in view!
No target in view!
Found a stone staircase leading down.
Some of the chunks of flesh in your inventory have rotted away.
You enter the shallow water.
Moving in this stuff is going to be slow.
A kobold comes into view.
The kobold shouts!
A kobold is nearby!
A kobold is nearby!
A kobold is nearby!
A kobold is nearby!
A kobold is nearby!
The kobold closely misses you. You furiously retaliate!
You headbutt the kobold!
You kill the kobold!
Trog accepts your kill.
No target in view!
No target in view!
No target in view!
No target in view!
No target in view!
You now have 70 gold pieces (gained 6).
Things that are here:
a leather armour; a kobold corpse All of the chunks of flesh in your inventory have rotted away.
A giant cockroach comes into view.
A giant cockroach is nearby!
The giant cockroach bites you.
You hit the giant cockroach.
Your headbutt misses the giant cockroach.
The giant cockroach bites you.
You closely miss the giant cockroach.
The giant cockroach bites you but does no damage.
You hit the giant cockroach but do no damage.
The giant cockroach barely misses you.
You hit the giant cockroach but do no damage.
The giant cockroach bites you but does no damage.
The giant cockroach closely misses you. You furiously retaliate!
You headbutt the giant cockroach!
You kill the giant cockroach!
Trog accepts your kill.
No target in view!
No target in view!
You are feeling hungry.
There is a stone staircase leading down here.
Done exploring.
Done exploring.
Done exploring.
No target in view!
No target in view!
There is a stone staircase leading down here.
You climb downwards. 2 gnolls, a kobold and a dart slug come into view.
The gnoll shouts! x2; The kobold shouts!
There is a stone staircase leading up here.
There are monsters nearby!
You hit the dart slug.
A gnoll comes into view. It is wielding a spear.
The gnoll shouts!
You slash the dart slug!
You kill the dart slug!
Trog accepts your kill. The kobold hits you with a club.
The gnoll closely misses you.
You hit the kobold.
You kill the kobold!
Trog accepts your kill. The gnoll closely misses you.
The gnoll hits you with a spear. The gnoll hits you.
The gnoll hits you from afar with a spear!
Things that are here:
a club; a kobold corpse You are too injured to fight recklessly!
You are too injured to fight recklessly!
You are too injured to fight recklessly!
You are too injured to fight recklessly!
You are too injured to fight recklessly!
You are too injured to fight recklessly!
You closely miss the gnoll.
You headbutt the gnoll, but do no damage.
You barely miss the gnoll.
The gnoll hits you but does no damage. x2
The gnoll misses you.
You closely miss the gnoll. You headbutt the gnoll! You hit the gnoll.
The gnoll hits you. The gnoll hits you but does no damage.
The gnoll barely misses you. You furiously retaliate!
You headbutt the gnoll. You hit the gnoll.
You kill the gnoll!
Trog accepts your kill.
You hit the gnoll.
The gnoll hits you from afar with a spear!
* * * LOW HITPOINT WARNING * * *
The gnoll hits you!
* * * LOW HITPOINT WARNING * * *
The gnoll misses you. The gnoll hits you.
You die...

# .#. ..
....##########.#
..........g....#
....%.†<.)@g...#
.##############...


You could see 2 gnolls.

Vanquished Creatures
  2 adders (D:2)
  A gnoll (D:3)
  2 oozes (D:2)
  5 dart slugs
  A ball python (D:1)
  4 bats
  5 giant cockroaches
  7 goblins
  5 hobgoblins
  6 kobolds
  2 quokkas (D:2)
  A frilled lizard (D:2)
  4 rats (D:1)
45 creatures vanquished.

Notes
Turn   | Place    | Note
-------+----------+-------------------------------------------
     0 | D:1      | RKaid the Minotaur Berserker began the quest for the Orb.
     0 | D:1      | Reached XP level 1. HP: 19/19 MP: 0/0
   141 | D:1      | Reached skill level 4 in Axes
   254 | D:1      | Reached XP level 2. HP: 26/26 MP: 1/1
   433 | D:1      | Reached ** piety under Trog
   627 | D:1      | Reached skill level 5 in Axes
   799 | D:1      | Reached XP level 3. HP: 26/31 MP: 2/2
  1429 | D:2      | Reached XP level 4. HP: 30/39 MP: 3/3
  1438 | D:2      | Found a deep blue altar of Sif Muna.
  1552 | D:2      | Reached skill level 6 in Axes
  1744 | D:3      | HP: 9/39 [gnoll/spear (8)]
  1744 | D:3      | HP: 1/39 [gnoll (8)]
  1745 | D:3      | Slain by a gnoll

Skill      XL: |  1  2  3  4 |
---------------+-------------+-----
Axes           | 4 5 6 |  6.3
Fighting       | |  3.6
Armour         | |  2.4
Dodging        | |  2.1

Action                   |  1- 3 |  4- 6 || total
-------------------------+-------+-------++-------
Melee: Hand axe          |    75 |    16 ||    91
       Headbutt          |    14 |     2 ||    16
 Stab: Sleeping          |     1 |       ||     1
  Eat: Chunk             |     2 |       ||     2
Armor: Animal skin       |    14 |     5 ||    19
Dodge: Dodged            |    44 |    11 ||    55

Vault maps used:
D:1:      matt_arrival_spirals, minmay_heptomino_l4
D:2:      wad_pebble_path, lemuel_coloured_pillars_altar, serial_bayou_ford_a
D:3:      kennysheep_six_static_rooms

Table legend:
 A = Turns spent in this place as a percentage of turns spent in the entire game.
 B = Non-inter-level travel turns spent in this place as a percentage of non-inter-level travel turns spent in the entire game.
 C = Inter-level travel turns spent in this place as a percentage of turns spent in this place.
 D = Turns resting spent in this place as a percentage of non-inter-level travel turns spent in this place.
 E = Turns spent auto-exploring this place as a percentage of non-inter-level travel turns spent in this place.
 F = Non-inter-level travel turns spent in this place divided by the number of levels of this place that you've seen.
                   A       B       C       D       E      F
               +-------+-------+-------+-------+-------+----------------------
         Total | 100.0 | 100.0 |   0.2 |   1.4 |  11.6 | 166.7
       Dungeon | 100.0 | 100.0 |   0.2 |   1.4 |  11.6 | 166.7
               +-------+-------+-------+-------+-------+----------------------

Table legend:
 A = Kills in this place as a percentage of kills in entire the game.
 B = Kills by you in this place as a percentage of kills by you in the entire game.
 C = Kills by friends in this place as a percentage of kills by friends in the entire game.
 D = Other kills in this place as a percentage of other kills in the entire game.
 E = Experience gained in this place as a percentage of experience gained in the entire game.
 F = Experience gained in this place divided by the number of levels of this place that you have seen.
                   A       B       C       D       E      F
               +-------+-------+-------+-------+-------+----------------------
         Total | 100.0 | 100.0 |  -nan |  -nan | 100.0 |  44.3
       Dungeon | 100.0 | 100.0 |  -nan |  -nan | 100.0 |  44.3
               +-------+-------+-------+-------+-------+----------------------
